 Dungeon Crawl Stone Soup version 0.25.0-26-g0c896c7088 (webtiles) character file.

Game seed: 15318710379152838074

966 MisterFreud the Insei (level 7, -2/52 HPs)
             Began as a Demonspawn Venom Mage on July 5, 2020.
             Was a Follower of Lugonu.
             Slain by an orc priest
             ... wielding a +0 trident
              (4 damage)
             ... on level 5 of the Dungeon.
             The game lasted 00:19:36 (6484 turns).

MisterFreud the Insei (Demonspawn Venom Mage)       Turns: 6484, Time: 00:19:37

Health: -2/52      AC:  8    Str:  9    XL:     7   Next: 93%
Magic:  4/10       EV: 13    Int: 18    God:    Lugonu [*.....]
Gold:   366        SH:  0    Dex: 21    Spells: 6/10 levels left

rFire    . . .     SeeInvis .     - Unarmed
rCold    + . .     Gourm    .   (no shield)
rNeg     . . .     Faith    .   E - +1 ring mail "Mesuhed" {rCorr Dex+8}
rPois    +         Spirit   .   (no helmet)
rElec    .         Reflect  .   e - +1 cloak
rCorr    +         Harm     .   (no gloves)
MR       .....                  (no boots)
Stlth    +.........             d - amulet of the acrobat
HPRegen  0.17/turn              l - ring of wizardry
MPRegen  0.12/turn              m - ring of poison resistance

@: very slightly contaminated
A: hooves 2, cold resistance 1, powered by death 1
a: Depart the Abyss, Renounce Religion


You were on level 5 of the Dungeon.
You worshipped Lugonu.
Lugonu was aware of your devotion.
You were not hungry.

You visited 2 branches of the dungeon, and saw 6 of its levels.

You collected 366 gold pieces.

Inventory:

Hand Weapons
 j - a +1 dagger of draining
Missiles
 u - a throwing net (quivered)
 v - 35 poisoned darts
 D - 3 curare-tipped darts
Armour
 a - a +0 robe
 e - a +1 cloak (worn)
 E - the +1 ring mail "Mesuhed" (worn) {rCorr Dex+8}
   (You found it on level 5 of the Dungeon)

   It affects your dexterity (+8).
   It provides partial protection from all sources of acid and corrosion.
Jewellery
 d - an amulet of the acrobat (around neck)
 l - a ring of wizardry (left hand)
 m - a ring of poison resistance (right hand)
 B - an uncursed ring of magical power
Scrolls
 g - 4 scrolls of identify
 k - 2 scrolls of enchant armour
 s - a scroll of teleportation
 y - a scroll of amnesia
Potions
 b - a potion of resistance {unknown}
 f - a potion of stabbing {unknown}
 h - a potion of magic {unknown}
 i - 2 potions of brilliance {unknown}
 n - a potion of might {unknown}
 q - a potion of degeneration {unknown}
 r - 3 potions of lignification {unknown}
 t - a potion of mutation {unknown}
 w - a potion of ambrosia {unknown}
 z - 2 potions of curing
 C - a potion of haste {unknown}
Comestibles
 c - 10 rations
 o - 3 chunks of flesh


   Skills:
 - Level 3.0 Fighting
 + Level 2.0 Armour
 + Level 4.4 Dodging
 - Level 1.7 Stealth
 - Level 6.0 Unarmed Combat
 - Level 2.0 Spellcasting
 - Level 0.8 Transmutations
 - Level 3.0 Poison Magic


You had 6 spell levels left.
You knew the following spells:

 Your Spells              Type           Power        Failure   Level  Hunger
a - Sting                 Tmut/Pois      #...         9%          1    #......
b - Mephitic Cloud        Conj/Pois/Air  #.......     34%         3    ###....

Your spell library contained the following spells:

 Spells                   Type           Power        Failure   Level  Hunger
 Poisonous Vapours        Pois/Air       #.....       16%         2    ###....
 Sandblast                Erth           #.....       19%         1    #......
 Passwall                 Tmut/Erth      #.......     24%         2    ###....
 Ignite Poison            Fire/Tmut/Pois #.......     32%         3    ###....
 Olgreb's Toxic Radiance  Pois           ##......     45%         4    #####..
 Stone Arrow              Conj/Erth      #.....       47%         3    ###....
 Petrify                  Tmut/Erth      #.......     82%         4    #####..
 Lee's Rapid Deconstruct  Erth           #.........   99%         5    ######.


Dungeon Overview and Level Annotations

Branches:
Dungeon (5/15)             Temple (1/1) D:5

Altars:
Fedhas
Kikubaaqudgha
Makhleb
Qazlal
Ru
Trog
Vehumet
Xom
Zin
The Shining One
Lugonu

Shops:
D:5 }


Innate Abilities, Weirdness & Mutations

You have hoof-like feet.
Your flesh is cold resistant. (rC+)
You regenerate a little health from kills.


Message History

The sting hits the orc priest but does no damage.
The orc priest looks even sicker.
The orc priest is lightly wounded.
The orc priest closely misses you.
Casting: Sting (safe; 9% risk of failure)
Confirm with . or Enter, or press ? or * to list all spells.
Aiming: Sting (safe; 9% risk of failure)
Press: ? - help, Shift-Dir - straight line, f - orc priest, p - orc priest
Aim: an orc priest, wielding a +0 trident and wearing a +0 leather armour (severely wounded, very poisoned)
The sting hits the orc priest but does no damage.
The orc priest looks as sick as possible!
The orc priest is lightly wounded.
The orc priest closely misses you.
The orc priest invokes the aid of Beogh against you.
Beogh smites you!
* * * LOW HITPOINT WARNING * * *
There is a stone staircase leading down here.
The orc priest casts a cantrip, but nothing happens.
The orc priest hits you from afar with a +0 trident.
You die...

##..#.....#..###.#
##........#...##.#####
##.#.#....###.##.#...#
#.......#'###.##.#...#
..#.#.#....o...#.#...###
#.......#....#.#........
..#.>.#...#..#oo........
#.......#....##.........
..#.#.#......##.@.......
#............####.......
##.#.#.......# .......
##...........# #######
##..#.###'#### ##....#
#.# ##.######'######
...##..........#
.####..........#


You could see 2 orc priests.

Vanquished Creatures
  Edmund (D:5)
  A slave (D:5)
  A centaur (D:5)
  3 ogres
  2 orc wizards
  4 orc priests
  Jessica (D:2)
  Terence (D:2)
  A worker ant (D:5)
  A worker ant zombie (D:5)
  Robin (D:2)
  4 gnolls (D:3)
  10 adders
  3 oozes
  3 worms (D:2)
  7 leopard geckos
  15 orcs
  3 giant cockroaches
  9 goblins
  8 hobgoblins (D:2)
  4 jackals
  A quokka (D:3)
  8 bats
  5 frilled lizards
  11 kobolds
  4 rats
112 creatures vanquished.

Notes
Turn   | Place    | Note
-------+----------+-------------------------------------------
     0 | D:1      | MisterFreud the Demonspawn Venom Mage began the quest for
                  | the Orb.
     0 | D:1      | Reached XP level 1. HP: 13/13 MP: 3/3
    81 | D:1      | Reached skill level 1 in Fighting
   314 | D:1      | Gained mutation: You have large cloven feet. [demonic
                  | ancestry]
   314 | D:1      | Reached XP level 2. HP: 22/22 MP: 0/5
   899 | D:1      | Reached XP level 3. HP: 28/28 MP: 4/6
  1243 | D:2      | Noticed Robin
  1262 | D:2      | Killed Robin
  1406 | D:2      | Reached skill level 1 in Unarmed Combat
  1465 | D:2      | Reached skill level 2 in Unarmed Combat
  1465 | D:2      | Gained mutation: Your flesh is cold resistant. (rC+)
                  | [demonic ancestry]
  1465 | D:2      | Reached XP level 4. HP: 7/35 MP: 0/7
  1765 | D:2      | Noticed Terence
  1809 | D:2      | Killed Terence
  2043 | D:2      | Noticed Jessica
  2059 | D:2      | Killed Jessica
  2059 | D:2      | Reached skill level 3 in Unarmed Combat
  2059 | D:2      | Reached XP level 5. HP: 35/41 MP: 0/8
  2733 | D:3      | Reached skill level 4 in Unarmed Combat
  3079 | D:3      | Gained mutation: You regenerate a little health from kills.
                  | [demonic ancestry]
  3079 | D:3      | Reached XP level 6. HP: 32/47 MP: 4/9
  4039 | D:3      | Reached skill level 5 in Unarmed Combat
  4456 | D:3      | Found a stormy altar of Qazlal.
  4457 | D:3      | Found a glowing silver altar of Zin.
  4876 | D:4      | Found a blossoming altar of Fedhas.
  4936 | D:4      | Learned a level 3 spell: Mephitic Cloud
  5299 | D:5      | Entered Level 5 of the Dungeon
  5301 | D:5      | Found Xoegiod's Gadget Shoppe.
  5330 | D:5      | Reached skill level 6 in Unarmed Combat
  5330 | D:5      | Gained mutation: You have hoof-like feet. [demonic
                  | ancestry]
  5330 | D:5      | Reached XP level 7. HP: 52/52 MP: 10/10
  5609 | D:5      | Got a smoking ring mail
  5610 | D:5      | Identified the +1 ring mail "Mesuhed" {rCorr Dex+8} (You
                  | found it on level 5 of the Dungeon)
  5621 | D:5      | Found a staircase to the Ecumenical Temple.
  5649 | Temple   | Entered the Ecumenical Temple
  5661 | Temple   | Became a worshipper of Lugonu the Unformed
  5661 | Temple   | Reached * piety under Lugonu
  5691 | D:5      | Found a glowing golden altar of the Shining One.
  5692 | D:5      | Noticed Edmund
  5708 | D:5      | Killed Edmund
  5894 | D:5      | Reached skill level 1 in Armour
  6483 | D:5      | HP: 2/52 [orc priest/divine providence (13)]
  6484 | D:5      | Slain by an orc priest

Illustrated notes

Levels and vault maps discovered:
D:1:      lemuel_arrival_funnel, layout_basic
D:2:      layout_rooms, uniq_jessica, uniq_terence, uniq_robin
D:3:      layout_basic, gammafunk_temple_overflow_pools, first_ration
D:4:      layout_loops_ring, fedhas_ov_isle_minmay, minmay_misc_feat_five
D:5:      layout_basic, nicolae_overflow_crystal_walls, tso_metal_star,
          minmay_temple_entry_sparse_star, serial_shops, shop, uniq_duvessa,
          uniq_pikel, uniq_edmund
Temple:   corrupted_temple

Skill      XL: |  1  2  3  4  5  6  7 |
---------------+----------------------+-----
Fighting       | 1 2 3 |  3.0
Unarmed Combat | 2 3 4 6 |  6.0
Dodging        | 2 4 |  4.4
Armour         | 2 |  2.0
Stealth        | |  1.7
Spellcasting   | |  2.0
Transmutations | |  0.8
Poison Magic   | |  3.0

Action                   |  1- 3 |  4- 6 |  7- 9 || total
-------------------------+-------+-------+-------++-------
Melee: Dagger            |    41 |    34 |       ||    75
       Kick              |     6 |    15 |    18 ||    39
       Unarmed           |       |    45 |    57 ||   102
       Punch             |       |     1 |     1 ||     2
 Cast: Sting             |    52 |   128 |    51 ||   231
  Use: Scroll            |       |       |     8 ||     8
 Stab: Sleeping          |       |     1 |       ||     1
  Eat: Chunk             |     2 |    14 |     5 ||    21
Armor: Robe              |    13 |    21 |     8 ||    42
       Ring mail         |       |       |     7 ||     7
Dodge: Dodged            |    39 |   108 |    55 ||   202
